 Dungeon Crawl Stone Soup version 0.23.0 (webtiles) character file.

Game seed: 18144320403790534666

300102 Laan the Executioner (level 21, -18/140 HPs)
             Began as a Gargoyle Berserker on Feb 14, 2019.
             Was a High Priest of Trog.
             Demolished by Mennas
             ... wielding a +1 eudemon blade of holy wrath
              (27 damage)
             ... on level 4 of the Vaults.
             The game lasted 01:31:23 (30165 turns).

Laan the Executioner (Gargoyle Berserker)          Turns: 30165, Time: 01:31:23

Health: -18/140    AC: 44    Str: 33    XL:     21   Next: 0%
Magic:  7/7        EV: 20    Int:  9    God:    Trog [*****.]
Gold:   2068       SH:  0    Dex: 14    Spells: 20/20 levels left

rFire    + + .     SeeInvis +   a - +9 executioner's axe (antimagic)
rCold    + + .     Gourm    .   (shield currently unavailable)
rNeg     + . .     Faith    .   D - +1 chain mail of Dicelin {rPois rC+ Int-2 SInv}
rPois    ∞         Spirit   .   q - +2 helmet
rElec    +         Reflect  .   V - scarf {cloud immunity}
rCorr    +         Harm     .   Z - +0 pair of gloves
MR       +++..                  n - +0 pair of boots
Stlth    ..........             w - amulet of regeneration
HPRegen  1.73/turn              Q - +6 ring of protection
MPRegen  0.10/turn              p - ring of protection from fire

@: mighty, agile, about to teleport, resistant, flying, regenerating, hasted,
glowing, studying Armour, very quick
A: big wings, negative energy resistance 1, electricity resistance, unbreathing,
petrification resistance, rot immunity, AC +16
}: 2/15 runes: decaying, serpentine
a: Stop Flying, Berserk, Trog's Hand, Brothers in Arms, Renounce Religion


You were on level 4 of the Vaults.
You worshipped Trog.
Trog was extremely pleased with you.
You were hungry.

You visited 5 branches of the dungeon, and saw 33 of its levels.
You visited the Abyss 1 time.
You also visited: Sewer and Ossuary.

You collected 2998 gold pieces.
You spent 930 gold pieces at shops.

Inventory:

Hand Weapons
 a - a +9 antimagic executioner's axe (weapon)
 b - the +7 battleaxe "Vuluwo" {flame, rPois rC+ Str+6}
   (Trog gifted it to you on level 3 of the Lair of Beasts)

   It has been specially enchanted to burn those struck by it, causing extra
   injury to most foes and up to half again as much damage against particularly
   susceptible opponents.
   Big, fiery blades are also staple armaments of hydra-hunters.
   It affects your strength (+6).
   It protects you from cold.
   It protects you from poison.
 L - the +2 battleaxe of the Lumpy Tales {elec, Int+3 Dex+3 Stlth+, unknown}
   (Trog gifted it to you on level 4 of the Snake Pit)

   Occasionally, upon striking a foe, it will discharge some electrical energy
   and cause terrible harm.
   It affects your intelligence (+3).
   It affects your dexterity (+3).
   It makes you more stealthy.
Missiles
 R - 8 poisoned javelins (quivered)
Armour
 n - a +0 pair of boots (worn)
 q - a +2 helmet (worn)
 D - the +1 chain mail of Dicelin (worn) {rPois rC+ Int-2 SInv}
   (You found it on level 12 of the Dungeon)

   It affects your intelligence (-2).
   It protects you from cold.
   It protects you from poison.
   It lets you see invisible.
 V - a scarf of cloud immunity (worn)
 Z - a +0 pair of gloves (worn)
Jewellery
 p - a ring of protection from fire (right hand)
 v - the amulet "Ifumol" {RegenMP *Drain rPois rC+ Dex+2, unknown}
   (You acquired it on level 3 of the Vaults)

   [amulet of magic regeneration]

   It increases your magic regeneration.
   It affects your dexterity (+2).
   It protects you from cold.
   It protects you from poison.
   It causes draining when unequipped.
 w - an amulet of regeneration (around neck)
 C - an uncursed ring of protection from magic
 E - an uncursed ring of see invisible
 Q - a +6 ring of protection (left hand)
 S - an uncursed amulet of guardian spirit
 X - the ring of Gikuwust {rC+ Dex+5}
   (You took it off a naga warrior on level 1 of the Snake Pit)

   [ring of protection from cold]

   It affects your dexterity (+5).
   It protects you from cold.
Wands
 e - a wand of digging (22)
 j - a wand of disintegration (22)
 y - a wand of iceblast (30)
 z - a wand of acid (7)
 A - a wand of flame (99)
 I - a wand of clouds (11)
 T - a wand of scattershot (8)
Scrolls
 f - 3 scrolls of enchant armour
 g - 3 scrolls of enchant weapon
 k - 19 scrolls of remove curse
 o - 2 scrolls of summoning
 x - 2 scrolls of magic mapping
 G - 2 scrolls of silence
 O - 9 scrolls of teleportation
Potions
 d - 6 potions of cancellation
 h - 3 potions of ambrosia
 i - 2 potions of might
 l - 15 potions of curing
 m - 2 potions of haste
 t - a potion of resistance
 u - 6 potions of agility
 B - 5 potions of lignification
 F - 4 potions of mutation
 J - 2 potions of berserk rage
 K - 2 potions of invisibility
Books
 H - a manual of Armour
Comestibles
 c - 37 rations
 s - 10 chunks of flesh


   Skills:
 - Level 17.5 Fighting
 * Level 23.6 Axes
 - Level 17.0 Armour
 - Level 9.9 Dodging


You had 20 spell levels left.
You didn't know any spells.
Your spell library was empty.

Dungeon Overview and Level Annotations

Branches:
Dungeon (15/15)            Temple (0/1) D:5            Lair (6/6) D:10
  Swamp (4/4) Lair:4        Snake (4/4) Lair:3        Slime (0/5) Lair:5
    Orc (0/2) D:12         Vaults (4/5) D:13          Crypt (0/3) Vaults:3
 Depths (0/5) D:15

Altars:
Ashenzari
Cheibriados
Dithmenos
Elyvilon
Fedhas
Gozag
Hepliaklqana
Makhleb
Nemelex Xobeh
Qazlal
Sif Muna
Uskayaw
Yredelemnul

Shops:
D:9 ?   D:11 %   D:13 !   Snake:1 }   Vaults:1 %[   Vaults:2 (

Annotations:
D:7 Prince Ribbit
Vaults:4 Mennas


Innate Abilities, Weirdness & Mutations

You are resistant to torment.
Your stone body is resilient. (AC +16)
You are immune to poison.
Your large and strong wings let you fly indefinitely.
You resist negative energy. (rN+)
You are resistant to electric shocks. (rElec)
You can survive without breathing.
You are immune to petrification.
You are immune to rotting.


Message History

Mennas misses you.
Mennas hits you with a +1 eudemon blade of holy wrath!!
* * * LOW HITPOINT WARNING * * *
The warg barely misses you.
You feel better. Mennas barely misses you. Mennas misses you.
The warg barely misses you.
Mennas blocks your two-headed ogre's attack. x2
The ironbrand convoker misses you. The vault guard completely misses you.
You feel better.
Mennas hits you with a +1 eudemon blade of holy wrath.
* * * LOW HITPOINT WARNING * * *
Mennas hits you but does no damage. The warg completely misses you.
Your two-headed ogre completely misses Mennas.
Your two-headed ogre hits Mennas with a +0 giant spiked club.
As you read the scroll of teleportation, it crumbles to dust.
You feel strangely unstable.
Mennas hits you with a +1 eudemon blade of holy wrath!
* * * LOW HITPOINT WARNING * * *
Mennas hits you with a +1 eudemon blade of holy wrath!!
You die...

#c........# #.........
#.........# #.........
#.........# ########'##
#......)).# #......))[.
#...c..p()# #....#.#)..
#.....)pp(# #..<.###...
#.######c######+####....#)#...
# #.#..)).#pAO.(#..'.###...###
#...#))p))#@h....'..#..>..#
#.....##c)p.##...#.###...##
#..#....)#)....#.#....#.#...
##################....###...
#....# ... #...... ... #####+#
###


You could see Mennas, a vault guard, an ironbrand convoker, a yaktaur, a warg
and a friendly two-headed ogre (berserk).

Vanquished Creatures
  Mara (Vaults:2)
  Sojobo (Vaults:3)
  the Lernaean hydra (Swamp:4)
  Rupert (D:14)
  2 tentacled starspawn (Abyss:2)
  3 tengu reavers (Vaults:3)
  The ghost of Froggeryz the Executioner, an adept MiFi of Okawaru (Swamp:2)
  6 nagarajas
  Roxanne (Swamp:3)
  2 fire giants (Vaults:4)
  Louise (D:14)
  2 frost giants
  11 vault wardens
  15 ironheart preservers
  An entropy weaver (Vaults:1)
  2 stone giants (Vaults:2)
  2 crystal guardians
  An ettin (Vaults:1)
  A green death (Abyss:2)
  An eidolon (Vaults:3)
  Harold (D:7)
  A fire dragon (Lair:6)
  14 ogre magi
  7 ice dragons
  A great orb of eyes (Vaults:2)
  2 rakshasas
  2 vault guards
  17 hydras
  10 yaktaur captains
  12 naga warriors
  A ghost crab (Swamp:4)
  11 anacondas
  6 shambling mangroves
  10 alligators
  7 centaur warriors
  2 catoblepae
  3 death knights
  22 two-headed ogres
  3 thrashing horrors (Abyss:2)
  3 deep troll earth magi (Vaults:4)
  Sonja (D:11)
  14 naga sharpshooters
  6 deep elf knights
  5 shock serpents
  4 shadow wraiths
  2 skeletal warriors (Vaults:3)
  3 sea snakes (Snake:3)
  A spatial maelstrom (Abyss:2)
  9 deep trolls
  2 starcursed masses (Abyss:2)
  A spriggan druid (Swamp:4)
  3 unseen horrors
  A glowing orange brain (Vaults:1)
  4 phantasmal warriors
  12 swamp dragons
  3 wizards
  A lindwurm (D:13)
  13 ironbrand convokers
  Pikel (D:7)
  5 deep elf archers
  A lindwurm (shapeshifter) (D:13)
  8 naga ritualists
  6 mana vipers
  7 orc knights
  5 harpies (Vaults:1)
  7 deep elf magi
  35 ugly things
  4 wolf spiders
  7 salamanders
  A wolf spider zombie (D:15)
  6 cyclopes
  2 manticores (D:12)
  17 elephants
  12 vault sentinels
  3 centaur zombies
  A guardian serpent (Snake:4)
  15 naga magi
  A torpor snail (Lair:6)
  20 black mambas
  2 gargoyles
  12 spiny frogs
  4 komodo dragons
  An efreet (D:15)
  5 rime drakes
  2 komodo dragons (shapeshifter)
  3 freezing wraiths (Vaults:3)
  2 ice devils (Lair:1)
  19 yaktaurs
  2 tengu conjurers
  A polar bear (shapeshifter) (Vaults:2)
  A jumping spider (Vaults:1)
  9 trolls
  16 hornets
  2 polar bears
  5 tyrant leeches
  The ghost of yrara the Skirmisher, an amateur DsFi (D:4)
  8 bog bodies
  A human simulacrum (Vaults:1)
  20 slime creatures
  A blink frog (shapeshifter) (Vaults:2)
  11 hippogriffs
  A small abomination (Abyss:2)
  18 blink frogs
  3 redbacks (Vaults:1)
  4 shadows
  A centaur simulacrum (D:14)
  Sigmund (D:6)
  A redback (shapeshifter) (Vaults:1)
  6 spriggans (Swamp:4)
  A spriggan (shapeshifter) (Vaults:1)
  A vampire (D:11)
  A wyvern (D:11)
  6 wraiths
  48 yaks
  3 fire bats (Abyss:2)
  5 steam dragons
  4 vampire mosquitoes
  Grum (D:10)
  3 basilisks
  A chaos spawn (Abyss:2)
  A neqoxec (Abyss:2)
  A hungry ghost (D:13)
  38 nagas
  16 swamp worms
  3 acid dragons
  3 insubstantial wisps (Swamp:4)
  2 wargs
  A soldier ant (D:15)
  18 water moccasins
  6 porcupines
  5 swamp drakes (Swamp:4)
  4 ice beasts
  13 orc warriors
  3 sky beasts
  3 black bears
  2 eyes of draining
  2 large abominations (Abyss:2)
  4 necrophages
  3 phantoms
  24 ogres
  12 centaurs
  14 boggarts
  2 wolves (D:10)
  15 crocodiles
  17 bullfrogs
  7 big kobolds
  A gnoll sergeant (D:6)
  7 scorpions
  A scorpion (shapeshifter) (Vaults:1)
  6 killer bees
  6 wights
  A troll zombie (D:9)
  6 howler monkeys
  2 electric eels (Snake:3)
  3 jellies
  6 crimson imps
  2 bullfrog zombies
  19 orc wizards
  6 hounds
  Crazy Yiuf (D:7)
  10 orc priests
  6 centaur skeletons
  6 human zombies
  3 bullfrog skeletons
  3 iguanas
  Jessica (D:2)
  Natasha (twice) (D:2)
  7 worker ants
  2 killer bee zombies (D:7)
  A big kobold zombie (Ossuary)
  2 hound zombies
  2 hound skeletons
  8 mummies
  Robin (D:2)
  A howler monkey zombie (D:7)
  A howler monkey skeleton (D:7)
  13 adders
  11 gnolls
  9 river rats (Sewer)
  2 shadow imps
  3 white imps (Lair:6)
  2 ufetubi
  2 oozes (Lair:5)
  An adder skeleton (D:9)
  3 adder zombies
  2 worms
  3 dart slugs
  4 leopard geckos
  62 orcs
  10 ball pythons
  5 bats
  2 giant cockroaches (D:1)
  A gnoll zombie (Ossuary)
  10 hobgoblins
  14 jackals
  37 kobolds
  4 quokkas
  6 frilled lizards
  11 goblins
  2 goblin zombies (Ossuary)
  A hobgoblin zombie (Ossuary)
  A jackal zombie (D:5)
  2 kobold zombies (Ossuary)
  A quokka zombie (D:5)
  20 rats
  A bush (D:11)
  7 fungi
  9 plants
  4 starspawn tentacles (Abyss:2)
1284 creatures vanquished.

Vanquished Creatures (collateral kills)
  2 stone giants
  A deep elf annihilator (Vaults:3)
  A yaktaur captain (Vaults:2)
  A rakshasa (Vaults:2)
  3 naga warriors (Snake:4)
  A hydra (Swamp:4)
  A death knight (Vaults:3)
  A naga sharpshooter (Snake:4)
  A deep troll (Vaults:3)
  4 deep elf archers
  A swamp dragon (Swamp:4)
  A cyclops (Vaults:2)
  5 deep elf magi
  3 ugly things (Vaults:4)
  A vault sentinel (Vaults:3)
  A freezing wraith (Vaults:3)
  A swamp drake (Swamp:4)
  An orc wizard (Vaults:3)
30 creatures vanquished.

Vanquished Creatures (others)
  A shock serpent (Snake:2)
  A deep elf knight (Vaults:3)
  2 insubstantial wisps (Swamp:4)
  A slave (D:7)
  An ogre (Vaults:3)
  A fungus (Lair:6)
  A plant (Lair:6)
  2 starspawn tentacles (Abyss:2)
10 creatures vanquished.

Grand Total: 1324 creatures vanquished

Notes
Turn   | Place    | Note
-------+----------+-------------------------------------------
     0 | D:1      | Laan the Gargoyle Berserker began the quest for the Orb.
     0 | D:1      | Reached XP level 1. HP: 14/14 MP: 1/1
     6 | D:1      | Noticed a worker ant
     6 | D:1      | Noticed a basilisk
     7 | D:1      | Noticed a fire giant
   128 | D:1      | Reached XP level 2. HP: 19/19 MP: 2/2
   137 | D:1      | Reached skill level 3 in Axes
   545 | D:1      | Reached XP level 3. HP: 21/23 MP: 3/3
   624 | D:2      | Noticed Jessica
   635 | D:2      | Reached ** piety under Trog
   654 | D:2      | Noticed Robin
   662 | D:2      | Killed Robin
   702 | D:2      | Killed Jessica
   702 | D:2      | Reached XP level 4. HP: 29/29 MP: 4/4
   774 | D:2      | Found a faded altar of an unknown god.
   823 | D:2      | Noticed Natasha
   831 | D:2      | Killed Natasha
   831 | D:2      | Reached skill level 4 in Axes
  1004 | D:2      | Reached XP level 5. HP: 33/33 MP: 5/5
  1128 | D:2      | Found a snail-covered altar of Cheibriados.
  1128 | D:2      | Found a stormy altar of Qazlal.
  1382 | D:2      | Noticed Natasha
  1388 | D:2      | Killed Natasha
  1388 | D:2      | Reached XP level 6. HP: 30/39 MP: 6/6
  1760 | D:3      | Reached *** piety under Trog
  1858 | D:3      | Found a glowing drain.
  1869 | Sewer    | Entered a sewer
  2043 | Sewer    | Reached skill level 5 in Axes
  2137 | Sewer    | Reached skill level 5 in Fighting
  2173 | Sewer    | Reached XP level 7. HP: 44/44 MP: 7/7
  2443 | Sewer    | Reached **** piety under Trog
  3064 | D:4      | Reached skill level 6 in Axes
  3064 | D:4      | Reached skill level 5 in Armour
  3366 | D:4      | Reached XP level 8. HP: 46/51 MP: 8/8
  3507 | D:4      | Found a runed translucent door.
  3509 | D:4      | Noticed yrara's ghost (amateur DsFi)
  3523 | D:4      | Killed yrara's ghost
  3744 | D:5      | Entered Level 5 of the Dungeon
  3844 | D:5      | Found a staircase to the Ecumenical Temple.
  3860 | D:5      | Reached skill level 7 in Axes
  3930 | D:5      | Found a white marble altar of Elyvilon.
  3941 | D:5      | Found a sand-covered staircase.
  3957 | Ossuary  | Entered an ossuary
  4305 | D:5      | Found a deep blue altar of Sif Muna.
  4305 | D:5      | Found a shadowy altar of Dithmenos.
  4305 | D:5      | Found a burning altar of Makhleb.
  4314 | D:5      | Found an opulent altar of Gozag.
  4558 | D:6      | Reached XP level 9. HP: 56/56 MP: 9/9
  4607 | D:6      | Reached ***** piety under Trog
  4717 | D:6      | Reached skill level 8 in Axes
  4980 | D:6      | Noticed Sigmund
  4989 | D:6      | Killed Sigmund
  5292 | D:7      | Noticed Prince Ribbit
  5411 | D:7      | Noticed Harold
  5429 | D:7      | Killed Harold
  5429 | D:7      | Reached skill level 9 in Axes
  5632 | D:7      | Reached XP level 10. HP: 64/64 MP: 10/10
  5775 | D:7      | Found a runed translucent door.
  5776 | D:7      | Noticed Crazy Yiuf
  5787 | D:7      | Killed Crazy Yiuf
  5925 | D:7      | Noticed Pikel
  5941 | D:7      | Killed Pikel
  6092 | D:8      | Received a gift from Trog
  6142 | D:8      | Reached skill level 10 in Axes
  6762 | D:9      | Noticed a two-headed ogre
  6772 | D:9      | Killed a two-headed ogre
  6908 | D:9      | Reached XP level 11. HP: 69/71 MP: 3/11
  6936 | D:9      | Reached skill level 11 in Axes
  7036 | D:9      | Found Gyddeelu's Magic Scroll Boutique.
  7041 | D:9      | Bought a scroll of enchant weapon for 112 gold pieces
  7051 | D:9      | Received a gift from Trog
  7054 | D:9      | Got a polished hand axe {god gift}
  7055 | D:9      | Identified the +10 hand axe "Noysonn" {venom, Int-2 SInv
                  | Stlth+} (Trog gifted it to you on level 9 of the Dungeon)
  7173 | D:9      | Noticed a centaur warrior
  7182 | D:9      | Killed a centaur warrior
  7222 | D:9      | Reached skill level 10 in Fighting
  7412 | D:9      | Found a basalt altar of Yredelemnul.
  7593 | D:9      | Found a hazy altar of Hepliaklqana.
  7638 | D:10     | Entered Level 10 of the Dungeon
  7657 | D:10     | Found a staircase to the Lair.
  7662 | D:10     | Noticed Grum
  7670 | D:10     | Reached skill level 10 in Armour
  7677 | D:10     | Killed Grum
  7894 | D:10     | Reached skill level 12 in Axes
  8554 | Lair:1   | Entered Level 1 of the Lair of Beasts
  8626 | Lair:1   | Found the amulet of the Air {Inacc +Fly rElec EV+5 RMsl}
  8720 | Lair:1   | Found a frozen archway.
  8728 | Lair:1   | Reached XP level 12. HP: 66/79 MP: 12/12
  8769 | Lair:1   | Noticed a six-headed hydra
  8777 | Lair:1   | Killed a six-headed hydra
  8953 | Lair:1   | Received a gift from Trog
  9134 | Lair:1   | Noticed a six-headed hydra
  9142 | Lair:1   | Killed a six-headed hydra
  9476 | Lair:2   | Found a sparkling altar of Nemelex Xobeh.
  9688 | Lair:2   | Noticed a catoblepas
  9694 | Lair:2   | Killed a catoblepas
  9732 | Lair:2   | Reached skill level 13 in Axes
 10379 | Lair:3   | Found a staircase to the Snake Pit.
 10420 | Lair:3   | Noticed a six-headed hydra
 10431 | Lair:3   | Killed a six-headed hydra
 10431 | Lair:3   | Reached XP level 13. HP: 85/85 MP: 13/13
 10597 | Lair:3   | Received a gift from Trog
 10606 | Lair:3   | Got a jewelled battleaxe {god gift}
 10607 | Lair:3   | Identified the +7 battleaxe "Vuluwo" {flame, rPois rC+
                  | Str+6} (Trog gifted it to you on level 3 of the Lair of
                  | Beasts)
 11261 | Lair:4   | Reached skill level 5 in Dodging
 11265 | Lair:4   | Found a staircase to the Swamp.
 11946 | Lair:5   | Found a staircase to the Slime Pits.
 12025 | Lair:5   | Reached skill level 14 in Axes
 12381 | Lair:6   | Entered Level 6 of the Lair of Beasts
 12698 | Lair:6   | Gained mutation: Your large and strong wings let you fly
                  | indefinitely. [Gargoyle growth]
 12698 | Lair:6   | Reached XP level 14. HP: 58/92 MP: 14/14
 12861 | Lair:6   | Reached ****** piety under Trog
 13655 | D:11     | Received a gift from Trog
 13736 | D:11     | Noticed Sonja
 13796 | D:11     | Found Kuodady's Food Boutique.
 14066 | D:11     | Killed Sonja
 14066 | D:11     | Reached skill level 15 in Axes
 14362 | D:12     | Found a shattered altar of Ashenzari.
 14477 | D:12     | Received a gift from Trog
 14624 | D:12     | Found a staircase to the Orcish Mines.
 14720 | D:12     | Got a fine chain mail
 14721 | D:12     | Identified the +1 chain mail of Dicelin {rPois rC+ Int-2
                  | SInv} (You found it on level 12 of the Dungeon)
 15281 | D:13     | Found a gate to the Vaults.
 15405 | D:13     | Found Medenlie's Distillery.
 15408 | D:13     | Bought a potion of curing for 51 gold pieces
 15408 | D:13     | Bought a potion of curing for 51 gold pieces
 15408 | D:13     | Bought a potion of curing for 51 gold pieces
 15408 | D:13     | Bought a potion of haste for 170 gold pieces
 15408 | D:13     | Bought a potion of might for 68 gold pieces
 15408 | D:13     | Bought a potion of might for 68 gold pieces
 15762 | D:14     | Noticed Louise
 15784 | D:14     | Cast into level 2 of the Abyss (Louise)
 15825 | Abyss:2  | Noticed a tentacled starspawn
 15833 | Abyss:2  | Killed a tentacled starspawn
 15833 | Abyss:2  | Reached XP level 15. HP: 93/99 MP: 15/15
 15921 | Abyss:2  | Found a snail-covered altar of Cheibriados.
 16042 | Abyss:2  | Noticed a tentacled starspawn
 16052 | Abyss:2  | Killed a tentacled starspawn
 16054 | D:14     | Escaped the Abyss
 16074 | D:14     | Killed Louise
 16173 | D:14     | Noticed Rupert
 16187 | D:14     | Killed Rupert
 16187 | D:14     | Reached skill level 16 in Axes
 16961 | D:15     | Entered Level 15 of the Dungeon
 17083 | D:15     | Found a staircase to the Depths.
 17508 | D:9      | Bought a scroll of enchant armour for 112 gold pieces
 17508 | D:9      | Bought a scroll of remove curse for 45 gold pieces
 17508 | D:9      | Bought a scroll of enchant armour for 112 gold pieces
 17508 | D:9      | Bought a scroll of identify for 30 gold pieces
 17508 | D:9      | Bought a scroll of identify for 30 gold pieces
 17508 | D:9      | Bought a scroll of identify for 30 gold pieces
 17689 | Swamp:1  | Entered Level 1 of the Swamp
 18175 | Swamp:1  | Received a gift from Trog
 18457 | Swamp:2  | Found a runed translucent gate.
 18457 | Swamp:2  | Found a runed translucent gate.
 18458 | Swamp:2  | Found a runed translucent gate.
 18463 | Swamp:2  | Noticed Froggeryz's ghost (adept MiFi)
 18480 | Swamp:2  | Killed Froggeryz's ghost
 18480 | Swamp:2  | Reached skill level 15 in Armour
 18490 | Swamp:2  | Got a glittering bone ring
 18491 | Swamp:2  | Identified the cursed ring "Qareg" {*Corrode rPois rF- MP+9
                  | Slay-2} (You found it on level 2 of the Swamp)
 18621 | Swamp:2  | Reached XP level 16. HP: 83/107 MP: 16/16
 18928 | Swamp:2  | You are sucked into a shaft!
 19350 | Swamp:3  | Identified Roxanne's Incunabulum of Transmutation
 19350 | Swamp:3  | Noticed Roxanne
 19360 | Swamp:3  | Killed Roxanne
 19500 | Swamp:4  | Entered Level 4 of the Swamp
 19703 | Swamp:4  | Received a gift from Trog
 20019 | Swamp:4  | Reached skill level 17 in Axes
 20095 | Swamp:4  | Noticed the 27-headed Lernaean hydra
 20109 | Swamp:4  | Killed the 22-headed Lernaean hydra
 20109 | Swamp:4  | Reached skill level 15 in Fighting
 20210 | Swamp:4  | Got a decaying rune of Zot
 20722 | Snake:1  | Entered Level 1 of the Snake Pit
 20777 | Snake:1  | Identified the ring of Gikuwust {rC+ Dex+5}
 20991 | Snake:1  | Identified the +3 shortbow "Niagony" {flame, Dex+5}
 21012 | Snake:1  | Found a hide-covered altar of Uskayaw.
 21018 | Snake:1  | Reached XP level 17. HP: 113/113 MP: 17/17
 21252 | Snake:1  | Received a gift from Trog
 21288 | Snake:1  | Found Moshuded's Gadget Shoppe.
 21292 | Snake:1  | Got a shimmering scale mail
 21293 | Snake:1  | Identified the +4 scale mail of Terror {rPois Str-2 Int+7}
                  | (You found it on level 1 of the Snake Pit)
 22718 | Snake:3  | Found a hazy altar of Hepliaklqana.
 22760 | Snake:3  | Reached skill level 18 in Axes
 23031 | Snake:3  | Identified 3 scrolls of acquirement
 23051 | Snake:3  | Got a warped glass ring
 23052 | Snake:3  | Identified the ring of Midabren {Fire rN++ Dex-5} (You
                  | acquired it on level 3 of the Snake Pit)
 23055 | Snake:3  | Got a clouded amber ring
 23213 | Snake:4  | Entered Level 4 of the Snake Pit
 23425 | Snake:4  | Received a gift from Trog
 23632 | Snake:4  | Received a gift from Trog
 23632 | Snake:4  | Reached XP level 18. HP: 47/121 MP: 6/18
 23654 | Snake:4  | Got an iridescent battleaxe {god gift}
 23825 | Snake:4  | Reached skill level 19 in Axes
 23934 | Snake:4  | Got a serpentine rune of Zot
 24249 | Snake:4  | Found a blossoming altar of Fedhas.
 24618 | Vaults:1 | Entered Level 1 of the Vaults
 24729 | Vaults:1 | Identified the ring of Springtime {rElec Int+4} (You
                  | acquired it on level 3 of the Snake Pit)
 24826 | Vaults:1 | Received a gift from Trog
 25229 | Vaults:1 | Reached skill level 20 in Axes
 25420 | Vaults:1 | Found Xengi's Armour Shoppe.
 25705 | Vaults:1 | Reached XP level 19. HP: 43/128 MP: 6/19
 25732 | Vaults:1 | Received a gift from Trog
 26439 | Vaults:1 | Found Ilurerakk's Food Shop.
 26644 | Vaults:2 | Paralysed by an ogre mage for 3 turns
 26962 | Vaults:2 | Reached skill level 21 in Axes
 27034 | Vaults:2 | Received a gift from Trog
 27836 | Vaults:2 | Received a gift from Trog
 28086 | Vaults:2 | Noticed Mara
 28109 | Vaults:2 | Killed Mara
 28166 | Vaults:2 | Found Bots's Weapon Emporium.
 28431 | Vaults:3 | Reached skill level 22 in Axes
 28431 | Vaults:3 | Reached XP level 20. HP: 132/134 MP: 6/20
 28492 | Vaults:3 | Received a gift from Trog
 29239 | Vaults:3 | Received a gift from Trog
 29302 | Vaults:3 | Noticed Sojobo
 29325 | Vaults:3 | Killed Sojobo
 29556 | Vaults:3 | Got a bound zirconium amulet
 29560 | Vaults:3 | Found a staircase to the Crypt.
 29580 | Vaults:3 | Reached skill level 23 in Axes
 30042 | Vaults:4 | Received a gift from Trog
 30086 | Vaults:4 | Noticed Mennas
 30133 | Vaults:4 | Reached XP level 21. HP: 59/140 MP: 7/21
 30165 | Vaults:4 | Demolished by Mennas

Skill      XL: |  1  2  3  4  5  6  7  8  9 10 11 12 13 14 15 16 17 18 19 20 |
---------------+-------------------------------------------------------------+-----
Axes           | 3 4 5 6 7 9 10 12 13 14 15 16 17 18 20 22 23 | 23.6
Armour         | 3 4 5 6 7 9 10 11 12 13 15 16 17 | 17.0
Fighting       | 4 5 6 8 9 10 11 12 13 14 15 16 17 | 17.5
Dodging        | 2 4 6 7 8 9 |  9.9

Action                   |  1- 3 |  4- 6 |  7- 9 | 10-12 | 13-15 | 16-18 | 19-21 || total
-------------------------+-------+-------+-------+-------+-------+-------+-------++-------
Melee: Hand axe          |    97 |   202 |   396 |    19 |       |       |       ||   714
       Broad axe         |       |       |    71 |    63 |       |       |       ||   134
       Battleaxe         |       |       |       |   471 |   840 |   343 |       ||  1654
       Unarmed           |       |       |       |     3 |       |       |       ||     3
       Dire flail        |       |       |       |    18 |     5 |       |       ||    23
       Executioner's axe |       |       |       |       |       |   598 |   760 ||  1358
Invok: Berserk           |     1 |     3 |     8 |     8 |     4 |     6 |    10 ||    40
       Trog's Hand       |       |       |       |       |       |    10 |    11 ||    21
       Brothers in Arms  |       |       |       |       |       |     2 |     6 ||     8
 Abil: Fly               |       |       |       |       |     1 |       |       ||     1
Evoke: Wand              |       |       |       |       |       |       |     3 ||     3
  Use: Scroll            |       |       |     2 |     2 |    32 |    13 |     3 ||    52
       Potion            |       |       |       |       |       |     5 |    26 ||    31
 Stab: Sleeping          |     1 |       |       |       |       |       |       ||     1
       Distracted        |       |       |       |       |       |       |     1 ||     1
  Eat: Chunk             |       |     7 |    13 |    23 |    23 |    24 |    27 ||   117
       Ration            |       |       |     2 |       |     3 |     3 |     1 ||     9
Armor: Animal skin       |    39 |    78 |    27 |       |       |       |       ||   144
       Scale mail        |       |       |    46 |       |       |       |       ||    46
       Chain mail        |       |       |   178 |   410 |   706 |   924 |   670 ||  2888
       Skin              |       |       |       |     1 |       |       |       ||     1
Dodge: Dodged            |    80 |   134 |   241 |   258 |   487 |   701 |   471 ||  2372
